 Dungeon Crawl Stone Soup version 0.21.1-1-g345015f (webtiles) character file.

93 inc the Conjurer (level 4, 18/18 HPs)
             Began as a Felid Conjurer on Feb 20, 2018.
             Quit the game on level 4 of the Dungeon.
             The game lasted 00:08:35 (3676 turns).

inc the Conjurer (Felid Conjurer)                   Turns: 3676, Time: 00:08:36

Health: 18/18      AC:  1    Str:  4    XL:     4   Next: 37%
Magic:  8/8        EV: 18    Int: 18    God:
Gold:   115        SH:  0    Dex: 16    Spells: 5/8 levels left
                                        Lives:  0   Deaths: 1

rFire    . . .     SeeInvis +   (weapon unavailable)
rCold    . . .     Gourm    .   (shield unavailable)
rNeg     . . .     Faith    .   (armour unavailable)
rPois    .         Spirit   .   (helmet unavailable)
rElec    .         Reflect  .   (cloak unavailable)
rCorr    .         Harm     .   (gloves unavailable)
MR       .....                  (boots unavailable)
Stlth    +++.......             (no amulet)
HPRegen  0.06/turn              (no ring)
MPRegen  0.11/turn              (no ring)

@: quick
A: very small, no armour, no weapons or thrown items, stealth, claws 1, fangs 3,
see invisible, carnivore, speed 1, shaggy fur 1, slow metabolism 1, sharp paws
a: no special abilities


You were on level 4 of the Dungeon.
You were not hungry.

You visited 1 branch of the dungeon, and saw 4 of its levels.
You also visited: Sewer.

You collected 115 gold pieces.

Inventory:

Jewellery
 n - an uncursed ring of stealth {unknown}
Scrolls
 c - 2 scrolls of enchant weapon {unknown}
 f - 4 scrolls of identify {unknown}
 h - a scroll of magic mapping {unknown}
 i - a scroll of amnesia {unknown}
 j - a scroll of enchant armour {unknown}
Potions
 d - a potion of degeneration {unknown}
 e - 2 potions of lignification {unknown}
 g - a potion of cancellation {unknown}
 k - 2 potions of mutation {unknown}
 l - a potion of brilliance {unknown}
 m - a potion of heal wounds {unknown}
 o - a potion of curing {unknown}
Books
 a - a book of Conjurations

   Spells                             Type                      Level
   a - Magic Dart                     Conjuration                  1
   b - Searing Ray                    Conjuration                  2
   c - Dazzling Spray                 Conjuration/Hexes            3
   d - Fulminant Prism                Conjuration/Hexes            4
   e - Force Lance                    Conjuration/Translocation    4
   f - Iskenderun's Mystic Blast      Conjuration                  4
Comestibles
 b - 6 rations


   Skills:
 - Level 2.9 Dodging
 - Level 3.3 Stealth
 - Level 0.2 Unarmed Combat
 - Level 2.6 Spellcasting
 + Level 5.6 Conjurations


You had 5 spell levels left.
You knew the following spells:

 Your Spells              Type           Power        Failure   Level  Hunger
a - Magic Dart            Conj           ###.         1%          1    #......
b - Searing Ray           Conj           ###...       2%          2    ##.....


Dungeon Overview and Level Annotations

Branches:
Dungeon (4/15)
 Temple: D:4-7

Altars:
Gozag

Annotations:
D:3 Grinder
D:4 AdmiralAndromeda's ghost, amateur VSIE


Innate Abilities, Weirdness & Mutations

You cannot wear armour.
You are incapable of wielding weapons or throwing items.
Your paws allow you to move quietly. (Stealth)
You have sharp claws.
You have razor-sharp teeth.
You have supernaturally acute eyesight. (SInv)
You are carnivorous and can eat meat at any time.
You cover ground quickly.
You are covered in fur. (AC +1)
You have a slow metabolism.
Your sharp claws are effective at attacking unaware monsters.


Message History

The searing ray hits AdmiralAndromeda's ghost.
AdmiralAndromeda's ghost is severely damaged.
Without enough magic to sustain it, your searing ray dissipates.
AdmiralAndromeda's ghost misses you.
AdmiralAndromeda's ghost points at you and mumbles some strange words.
You are frozen.
* * * LOW HITPOINT WARNING * * *
Found a scroll labeled LALAVONOMI.
AdmiralAndromeda's ghost screams, "Zot is a myth, the ORB is a fable, you'll soon be a tale!"
A jackal comes into view.
A jackal comes into view.
AdmiralAndromeda's ghost completely misses you.
AdmiralAndromeda's ghost gestures at you while chanting.
You are frozen.
Ouch! That really hurt!
You die...
You are now level 4!
You rejoin the land of the living...
Found 6 gold pieces.
Found a stone staircase leading up.
Are you sure you want to abandon this character and quit the game? (Confirm with "yes".)

#..# ##... ##.## ##....
#..###..... ##..##.....
##.#...... #########
##........ .......$#
#..##.....
........#######.####....
.......@.....#(.## ##...
.................## ##..
..<....####.......## ##.
....... ###......## ##
....... ##........## #
......# #..........##
...... ##.....[.....#
.....# ##...<........#
#.............#


There were no monsters in sight!

Vanquished Creatures
  A bullfrog skeleton (D:4)
  A hound (D:4)
  A worker ant (D:4)
  An adder (D:3)
  2 oozes
  3 worms
  3 dart slugs
  3 leopard geckos
  An orc (D:3)
  4 giant cockroaches
  7 goblins
  6 hobgoblins
  4 jackals (D:2)
  A quokka (D:2)
  6 bats
  3 frilled lizards
  9 kobolds
  9 rats
65 creatures vanquished.

Notes
Turn   | Place    | Note
-------+----------+-------------------------------------------
     0 | D:1      | inc the Felid Conjurer began the quest for the Orb.
     0 | D:1      | Reached XP level 1. HP: 7/7 MP: 4/4
   248 | D:1      | Reached skill level 4 in Conjurations
   252 | D:1      | Reached XP level 2. HP: 11/11 MP: 0/6
   880 | D:1      | Reached XP level 3. HP: 14/14 MP: 3/7
  2348 | D:3      | Reached XP level 4. HP: 18/18 MP: 5/8
  2386 | D:2      | Learned a level 2 spell: Searing Ray
  2431 | D:3      | Found a glowing drain.
  2445 | Sewer    | Entered a sewer
  2888 | D:3      | Found an opulent altar of Gozag.
  2927 | D:3      | Noticed Grinder
  3030 | D:4      | Reached skill level 5 in Conjurations
  3270 | D:4      | Reached XP level 5. HP: 15/21 MP: 1/9
  3620 | D:4      | Noticed AdmiralAndromeda's ghost (amateur VSIE)
  3675 | D:4      | Killed from afar by AdmiralAndromeda's ghost
  3676 | D:4      | Reached XP level 4. HP: -10/18 MP: 2/8
  3676 | D:4      | Quit the game

Skill      XL: |  1  2  3  4 |
---------------+-------------+-----
Conjurations   | 4 5 |  5.6
Stealth        | 3 |  3.3
Dodging        | |  2.9
Unarmed Combat | |  0.2
Spellcasting   | |  2.6

Action                   |  1- 3 |  4- 6 || total
-------------------------+-------+-------++-------
Melee: Unarmed           |    32 |    15 ||    47
       Bite              |     2 |     1 ||     3
 Cast: Magic Dart        |   103 |    36 ||   139
       Searing Ray       |       |     9 ||     9
 Stab: Sleeping          |     5 |     2 ||     7
  Eat: Chunk             |     3 |     7 ||    10
Armor: Skin              |     4 |     2 ||     6
Dodge: Dodged            |    37 |    48 ||    85
